 Dungeon Crawl Stone Soup version 0.26.1-11-gd32895ea62 (webtiles) character file.

Game seed: 12258480164216585415

66 McKennaii the Ruffian (level 3, -7/42 HPs)
             Began as a Draconian Transmuter on June 2, 2021.
             Mangled by an ice beast (12 damage)
             ... on level 2 of the Dungeon.
             The game lasted 00:03:34 (1859 turns).

McKennaii the Ruffian (Draconian Transmuter)        Turns: 1859, Time: 00:03:35

Health: -7/42      AC:  5    Str: 11 (12) XL:     3   Next: 96%
Magic:  6/6        EV: 12    Int: 12 (14) God:
Gold:   26         SH:  0    Dex: 10 (11) Spells: 5/6 levels left

rFire    . . .     SeeInvis .     - Unarmed
rCold    . . .     Faith    .   (no shield)
rNeg     . . .     Spirit   .   (armour unavailable)
rPois    +         Reflect  .   (helmet restricted)
rElec    .         Harm     .   (no cloak)
rCorr    .         Rampage  .   (no gloves)
Will     .....                  (no boots)
Stlth    ..........             (no amulet)
HPRegen  0.14/turn              c - ring of poison resistance
MPRegen  0.10/turn              (no ring)

@: berserking, very quick
A: unfitting armour, hooves 1, stinger 2, cold-blooded, AC +5
a: no special abilities


You were on level 2 of the Dungeon.
You visited 1 branch of the dungeon, and saw 2 of its levels.

You collected 26 gold pieces.

Inventory:

Jewellery
 c - a ring of poison resistance (left hand)
Scrolls
 e - a scroll of identify


   Skills:
 + Level 1.1 Fighting
 + Level 2.2 Dodging
 + Level 1.0 Stealth
 + Level 4.1 Unarmed Combat
 + Level 2.2 Spellcasting
 + Level 2.0 Transmutations


You had 5 spell levels left.
You knew the following spells:

 Your Spells              Type           Power        Failure   Level
a - Beastly Appendage     Tmut           12%          12%         1

Your spell library contained the following spells:

 Spells                   Type           Power        Failure   Level
 Wereblood                Tmut           6%           17%         2
 Spider Form              Tmut/Pois      1%           45%         3
 Ice Form                 Ice/Tmut       3%           86%         4
 Blade Hands              Tmut           3%           97%         5


Dungeon Overview and Level Annotations

Branches:
Dungeon (2/15)

Altars:
The Shining One


Innate Abilities, Weirdness & Mutations

Your plain brown scales are hard. (AC +5)
You cannot fit into any form of body armour.
You are cold-blooded and may be slowed by cold attacks.
You have large cloven feet.
Your tail ends in a sharp poisonous barb.


Message History

You hit the ice beast but do no damage. Your kick misses the ice beast.
The ice beast barely misses you.
You closely miss the ice beast. You hit the ice beast.
The ice beast is lightly wounded.
The ice beast closely misses you.
You hit the ice beast but do no damage. You kick the ice beast.
The ice beast is moderately wounded.
The ice beast barely misses you.
You closely miss the ice beast. You tail-slap the ice beast!
The ice beast is heavily wounded.
You closely miss the ice beast. Your kick misses the ice beast.
The ice beast is heavily wounded.
The ice beast hits you but does no damage.
You punch the ice beast! Your kick misses the ice beast.
The ice beast is severely wounded.
The ice beast hits you.
* * * LOW HITPOINT WARNING * * *
The ice beast freezes you!
You die...

#.# . #.# # #.# # #.# #
#########.######
###..............#
........########.#
....##..# #.# ..####..#
#@# ..#
#..########Y###.#
.....................#
################........
#########


You could see an ice beast.

Vanquished Creatures
  3 adders (D:2)
  A leopard gecko (D:2)
  2 ball pythons (D:1)
  4 goblins
  4 hobgoblins
  7 jackals
  6 bats
  A frilled lizard (D:1)
  5 kobolds
  3 rats
36 creatures vanquished.

Notes
Turn   | Place    | Note
-------+----------+-------------------------------------------
     0 | D:1      | McKennaii the Draconian Transmuter began the quest for the
                  | Orb.
     0 | D:1      | Reached XP level 1. HP: 16/16 MP: 3/3
   193 | D:1      | Reached XP level 2. HP: 10/23 MP: 5/5
  1156 | D:2      | Reached XP level 3. HP: 15/28 MP: 6/6
  1328 | D:2      | Reached skill level 4 in Unarmed Combat
  1338 | D:2      | Reached skill level 1 in Stealth
  1763 | D:2      | Found a glowing golden altar of the Shining One.
  1845 | D:2      | Noticed an ice beast
  1851 | D:2      | Gained mutation: You have large cloven feet. [potion of
                  | mutation]
  1851 | D:2      | Gained mutation: Your tail ends in a poisonous barb.
                  | [potion of mutation]
  1851 | D:2      | Gained mutation: Your tail ends in a sharp poisonous barb.
                  | [potion of mutation]
  1859 | D:2      | Mangled by an ice beast

Illustrated notes

Levels and vault maps discovered:
D:1:      evilmike_arrival_crescent, layout_loops_ring, minmay_pentomino_u2
D:2:      layout_loops_ring, nicolae_tso_carved_into_rock,
          dancing_weapons_uskayaw

Skill      XL: |  1  2  3 |
---------------+----------+-----
Dodging        | 2 |  2.2
Unarmed Combat | 4 |  4.1
Stealth        | 1 |  1.0
Fighting       | |  1.1
Spellcasting   | |  2.2
Transmutations | |  2.0

Action                   || total
-------------------------++-------
Melee: Unarmed           ||   147
       Tailslap          ||    15
       Punch             ||     1
       Kick              ||     1
  Use: Scroll            ||     3
       Potion            ||     4
Armor: Skin              ||    64
Dodge: Dodged            ||   138
